 Dungeon Crawl Stone Soup version 0.29-a0-886-gfb1a3fa8b1 (webtiles) character file.

Game seed: 11822164504525508222

744 BlueGoblin the Trooper (level 8, -8/64 HPs)
             Began as a Formicid Abyssal Knight on July 21, 2022.
             Was an Elder of Lugonu.
             Mangled by an ogre
             ... wielding a +0 giant club
              (19 damage)
             ... on level 5 of the Dungeon.
             The game lasted 00:08:17 (5185 turns).

BlueGoblin the Trooper (Formicid Abyssal Knight)    Turns: 5185, Time: 00:08:18

Health: -8/64      AC:  9    Str: 21    XL:     8   Next: 5%
Magic:  9/9        EV:  8    Int:  9    God:    Lugonu [****..]
Gold:   208        SH:  5    Dex: 14    Spells: 7/7 levels left

rFire   . . .      SeeInvis +   a - +1 mace (spect)
rCold   . . .      Faith    .   (no shield)
rNeg    . . .      Spirit   .   r - +0 chain mail
rPois   .          Reflect  +   (helmet unavailable)
rElec   .          Harm     .   (no cloak)
rCorr   .          Rampage  .   (no gloves)
Will    .....                   (no boots)
Stlth   ..........              i - amulet of reflection
HPRegen 0.20/turn               (no ring)
MPRegen 0.11/turn               (no ring)

@: no status effects
A: permanent stasis, dig shafts and tunnels, antennae 3, four strong arms
a: Dig, Shaft Self, Renounce Religion, Depart the Abyss, Bend Space, Banish,
Corrupt


You were on level 5 of the Dungeon.
You worshipped Lugonu.
Lugonu was greatly pleased with you.
You visited 1 branch of the dungeon, and saw 5 of its levels.
You visited the Abyss 1 time.

You collected 208 gold pieces.

Inventory:

Hand Weapons
 a - a +1 spectral mace (weapon)
 b - a +0 sling
 t - a +1 demon trident of venom
Armour
 g - a +0 ring mail of poison resistance
 l - a +0 leather armour
 r - a +0 chain mail (worn)
Jewellery
 c - a ring of magical power
 i - an amulet of reflection (around neck)
 q - a +4 ring of protection
Wands
 s - a wand of digging (2)
Scrolls
 f - 4 scrolls of vulnerability
 k - a scroll of immolation {unknown}
 n - a scroll of amnesia
 o - 2 scrolls of identify
 p - 3 scrolls of silence
Potions
 d - a potion of ambrosia
 e - a potion of heal wounds
 h - 3 potions of curing
 j - a potion of attraction
 m - a potion of brilliance {unknown}


   Skills:
 + Level 5.9 Fighting
 + Level 5.4 Maces & Flails
 + Level 4.9 Armour
 + Level 2.2 Dodging
 - Level 2.2 Invocations


You had 7 spell levels left.
You didn't know any spells.
Your spell library contained the following spells:

 Spells                   Type           Power      Damage    Failure   Level
 Foxfire                  Conj/Fire      0%         2x1d4     98%         1
 Conjure Flame            Conj/Fire      0%         6-21      100%        3
 Inner Flame              Hex/Fire       0%         N/A       100%        3
 Flame Wave               Conj/Fire      0%         2d4       100%        4
 Conjure Ball Lightning   Conj/Air       0%         3x3d6     100%        6
 Discord                  Hex            0%         N/A       100%        8
 Disjunction              Tloc           0%         N/A       100%        8


Dungeon Overview and Level Annotations

Branches:
Dungeon (5/15)             Temple (0/1) D:4

Altars:
Hepliaklqana
Xom


Innate Abilities, Weirdness & Mutations

You cannot be hasted, slowed, berserked, paralysed or teleported.
You can dig through walls and to a lower floor.
You have a pair of large antennae on your head. (SInv)
Your four strong arms can wield two-handed weapons with a shield.


Message History

The gnoll closely misses you. The black bear barely misses you.
The black bear claws you but does no damage. x2
The ufetubus hits you.
The ufetubus hits you but does no damage.
The ufetubus attacks as you move away! You block the ufetubus's attack.
The ufetubus hits you but does no damage.
The black bear attacks as you move away!
The black bear barely misses you.
The black bear claws you but does no damage.
You block the black bear's attack.
The black bear attacks as you move away!
The black bear barely misses you. The black bear claws you.
The black bear claws you but does no damage.
The black bear attacks as you move away!
The black bear bites you.
The black bear claws you but does no damage.
The black bear claws you.
You barely miss the black bear.
The black bear is heavily wounded.
Your +1 spectral mace hits the black bear.
The black bear bites you. The black bear claws you.
* * * LOW HITPOINT WARNING * * *
The black bear closely misses you. The ufetubus barely misses you.
The ufetubus hits you but does no damage.
You hit the black bear.
The black bear is almost dead.
Your +1 spectral mace closely misses the black bear.
You block the black bear's attack. The black bear barely misses you.
The black bear claws you.
* * * LOW HITPOINT WARNING * * *
The ufetubus hits you.
* * * LOW HITPOINT WARNING * * *
The ufetubus hits you.
* * * LOW HITPOINT WARNING * * *
The black bear bites you but does no damage.
The black bear claws you.
* * * LOW HITPOINT WARNING * * *
The black bear claws you but does no damage.
The ogre hits you with a +0 giant club!!
You die...

..............#
.......§§...#.##
. #.O)†)...... ..
..##.
#Z###..###..
.....#.##........
#.g#g#.........
#....g.†.....P.
#.:..5h(.......
##...O@.....P.#
.........<...P...
##.#.##..........
#.## ##........#
. ...##..... #
...## #...# .##.#
#### .# ### .#


You could see a black bear, an ogre, 3 gnolls, an ufetubus, a hound zombie and a
friendly +1 spectral mace (summoned).

Vanquished Creatures
  The ghost of megeza the Trooper, an amateur OgBe of Trog (D:3)
  Duvessa (D:4)
  A water moccasin zombie (D:5)
  A scorpion (D:4)
  Dowan (D:4)
  A howler monkey (D:5)
  2 hounds (D:5)
  Terence (D:2)
  An orc wizard (D:4)
  Ijyb (D:5)
  A gnoll (D:3)
  5 adders
  2 worms
  2 dart slugs (D:1)
  10 orcs
  6 ball pythons
  7 endoplasms
  2 giant cockroaches
  8 goblins
  9 hobgoblins
  4 jackals (D:1)
  A quokka (D:1)
  6 bats
  4 frilled lizards
  11 kobolds
  5 rats
94 creatures vanquished.

Vanquished Creatures (others)
  2 withered plants (D:5)
2 creatures vanquished.

Grand Total: 96 creatures vanquished

Notes
Turn   | Place    | Note
-------+----------+-------------------------------------------
     0 | Abyss:1  | BlueGoblin the Formicid Abyssal Knight began the quest for
                  | the Orb.
     0 | Abyss:1  | Reached XP level 1. HP: 18/18 MP: 2/2
     1 | D:1      | Escaped the Abyss
    24 | D:1      | Reached XP level 2. HP: 18/24 MP: 3/3
   194 | D:1      | Reached skill level 1 in Dodging
   195 | D:1      | Found a faded altar of an unknown god.
   732 | D:1      | Reached XP level 3. HP: 30/30 MP: 4/4
  1561 | D:2      | Reached *** piety under Lugonu
  1950 | D:2      | Reached XP level 4. HP: 37/37 MP: 5/5
  2022 | D:2      | Noticed Terence
  2233 | D:2      | Killed Terence
  3027 | D:3      | Reached XP level 5. HP: 43/43 MP: 6/6
  3177 | D:3      | Found a runed translucent door.
  3179 | D:3      | Noticed megeza's ghost (amateur OgBe)
  3235 | D:3      | Killed megeza's ghost
  3236 | D:3      | Reached skill level 5 in Fighting
  3236 | D:3      | Reached XP level 6. HP: 23/51 MP: 7/7
  3664 | D:3      | Found a hazy altar of Hepliaklqana.
  3977 | D:4      | Found a shimmering altar of Xom.
  3979 | D:4      | Noticed Dowan
  3980 | D:4      | Noticed Duvessa
  3996 | D:4      | Killed Duvessa
  3997 | D:4      | Reached XP level 7. HP: 33/56 MP: 8/8
  4004 | D:4      | Killed Dowan
  4216 | D:4      | Found a staircase to the Ecumenical Temple.
  4471 | D:4      | Reached skill level 5 in Maces & Flails
  5129 | D:5      | Entered Level 5 of the Dungeon
  5138 | D:5      | Reached **** piety under Lugonu
  5164 | D:5      | Noticed Ijyb
  5168 | D:5      | Reached XP level 8. HP: 63/64 MP: 9/9
  5176 | D:5      | Killed Ijyb
  5185 | D:5      | Mangled by an ogre

Illustrated notes

Levels and vault maps discovered:
D:1:      erik_arrival_blinker_ship, layout_basic,
          hellmonk_ecumenical_altar_crossroads
D:2:      layout_loops_ring, uniq_terence
D:3:      minmay_evil_eye, layout_loops_ring, nzn_hepliaklqana_mist_gate,
          ebering_ghost_sewer_d
D:4:      layout_basic, xom_teletrap_fun, minmay_temple_entry_tees,
          grunt_ministairs_7, nicolae_concentric_dashed_squares_wild,
          serial_park_tiny_pond, uniq_duvessa
D:5:      layout_cave_pools, serial_undead, serial_undead_b, serial_undead_c,
          serial_undead_f, serial_undead_a, uniq_prince_ribbit1, uniq_ijyb

Skill      XL: |  1  2  3  4  5  6  7 |
---------------+----------------------+-----
Dodging        | 1 2 |  2.2
Fighting       | 4 5 |  5.9
Maces & Flails | 3 4 5 |  5.4
Armour         | 3 4 |  4.9
Invocations    | |  2.2

Action                   |  1- 3 |  4- 6 |  7- 9 || total
-------------------------+-------+-------+-------++-------
Melee: Mace              |    88 |    82 |    71 ||   241
       Punch             |       |       |     1 ||     1
 Fire: Sling             |    15 |     5 |     4 ||    24
Invok: Bend Space        |       |     1 |       ||     1
  Use: Scroll            |       |     5 |     7 ||    12
       Potion            |       |     1 |     2 ||     3
 Stab: Sleeping          |     1 |       |       ||     1
Armor: Leather armour    |    26 |       |       ||    26
       Ring mail         |       |    11 |       ||    11
       Chain mail        |       |     7 |    38 ||    45
Dodge: Dodged            |    47 |    31 |    33 ||   111
Block: Other             |       |    14 |    14 ||    28
       Reflection        |       |       |     1 ||     1

Table legend: (Time is in decaauts)
 A = Elapsed time spent in this place.
 B = Non-inter-level travel time spent in this place.
 C = Inter-level travel time spent in this place.
 D = Time resting spent in this place.
 E = Time spent auto-exploring this place.
 F = Levels seen in this place.
 G = Mean time per level.
                   A        B        C        D        E       F      G
               +--------+--------+--------+--------+--------+-----+--------+
         Total |   5255 |   4976 |    279 |    333 |   3865 |   6 |  875.8 |
       Dungeon |   5254 |   4975 |    279 |    333 |   3865 |   5 | 1050.8 |
         Abyss |      1 |      1 |      0 |      0 |      0 |   1 |    1.0 |
               +--------+--------+--------+--------+--------+-----+--------+

Top non-repeatable levels by time:
     D:1: 1678 daAuts
     D:4: 1228 daAuts
     D:3: 1201 daAuts
     D:2: 1087 daAuts
     D:5: 58 daAuts
 Abyss:1: 1 daAuts
